 Seeded DCSS version 0.28-a0-1087-gf3fc490d9d (webtiles) character file.

Game seed: 16008875487339432128 (custom seed)

7732 croobank the Spear-Bearer (level 10, -4/78 HPs)
             Began as a Demigod Conjurer on Dec 10, 2021.
             Killed from afar by a rime drake (15 damage)
             ... with a flash freeze
             ... on level 1 of the Lair of Beasts on Dec 11, 2021.
             The game lasted 02:20:54 (13632 turns).

croobank the Spear-Bearer (Demigod Conjurer)       Turns: 13632, Time: 02:20:57

Health: -4/78      AC: 16    Str: 26    XL:     10   Next: 69%
Magic:  11/18      EV: 12    Int: 26    God:
Gold:   688        SH:  5    Dex: 19    Spells: 4/16 levels left

rFire   . . .      SeeInvis .   F - +5 spear "Siroguso" {protect, Fragile Fly Dex+7 Stlth+}
rCold   . . .      Faith    .   (no shield)
rNeg    . . .      Spirit   .   i - +1 leather armour {rPois}
rPois   +          Reflect  +   (no helmet)
rElec   .          Harm     .   h - +1 cloak {rCorr}
rCorr   +          Rampage  .   L - +0 pair of gloves
Will    +....                   e - +0 pair of boots
Stlth   +++.......              f - amulet of reflection
HPRegen 0.23/turn               N - +6 ring of strength
MPRegen 0.16/turn               d - +6 ring of intelligence

@: under a protective aura, flying
A: high mp 1, forlorn, divine attributes
a: no special abilities


You were on level 1 of the Lair of Beasts.
You visited 3 branches of the dungeon, and saw 11 of its levels.
You also visited: Ossuary.

You collected 688 gold pieces.

Inventory:

Hand Weapons
 a - a +0 vorpal flail
 b - a +0 vorpal hunting sling
 A - a +0 antimagic whip
 E - a +0 dire flail
 F - the +5 spear "Siroguso" (weapon) {protect, Fragile Fly Dex+7 Stlth+}
   (You found it on level 6 of the Dungeon)

   It grants its wielder temporary protection when it strikes (+7 to AC).
   Dex:       It affects your dexterity (+7).
   Fly:       It grants you flight.
   Fragile:   It will be destroyed if unequipped.
   Stlth:     It makes you more stealthy.
 H - a +2 dagger of freezing
 R - a +2 flail of protection
Missiles
 g - 253 stones
 l - 61 sling bullets
 m - 130 arrows
 o - a boomerang
 q - 4 throwing nets (quivered)
 D - 18 bolts
Armour
 e - a +0 pair of boots (worn)
 h - a +1 cloak of preservation (worn)
 i - a +1 leather armour of poison resistance (worn)
 v - the +1 chain mail of Gestures {Harm MP+9 Str+4 Int-4}
   (You found it on level 9 of the Dungeon)

   Str:       It affects your strength (+4).
   Int:       It affects your intelligence (-4).
   MP:        It affects your magic capacity (+9).
   Harm:      It increases damage dealt and taken.
 G - a +2 plate armour of fire resistance
 L - a +0 pair of gloves (worn)
Magical Staves
 n - a staff of conjuration
Jewellery
 d - a +6 ring of intelligence (right hand)
 f - an amulet of reflection (around neck)
 x - a ring of see invisible
 K - a +6 ring of dexterity
 N - a +6 ring of strength (left hand)
 O - a ring of poison resistance
 P - the necklace of Bloodlust {*Rage Will++ Int-3 Slay+6}
   (You found it on level 7 of the Dungeon)

   [amulet of nothing]

   It extends the wearer's berserk rage when killing foes.
   Int:       It affects your intelligence (-3).
   Slay:      It affects your accuracy & damage with ranged weapons and melee
   (+6).
   *Rage:     It berserks you when you make melee attacks (+50% chance).
   Will:      It greatly increases your willpower.
Wands
 B - a wand of flame (6)
 T - a wand of acid (7)
Scrolls
 j - 2 scrolls of noise {noise, unknown}
 p - 4 scrolls of enchant weapon {enchant weapon, unknown}
 r - 2 scrolls of amnesia {amnesia, unknown}
 t - 3 scrolls of vulnerability {vulnerability, unknown}
 z - a scroll of magic mapping
 M - a scroll of holy word
 Q - a scroll of brand weapon
Potions
 k - 2 potions of mutation
 u - 3 potions of attraction {attraction, unknown}
 w - 3 potions of flight
 C - a potion of cancellation


   Skills:
 - Level 4.0 Fighting
 - Level 3.9(4.4) Maces & Flails
 - Level 9.8(10.0) Polearms
 - Level 3.0(7.4) Staves
 + Level 5.9 Armour
 - Level 2.0 Dodging
 - Level 2.0 Stealth
 - Level 0.5 Shields
 - Level 3.5 Spellcasting
 - Level 5.2 Conjurations
 - Level 4.3 Hexes
 - Level 3.5 Evocations


You had 4 spell levels left.
You knew the following spells:

 Your Spells              Type           Power      Damage    Failure   Level
a - Magic Dart            Conj           100%       1d8       1%          1
b - Sandblast             Erth           8%         2d5       10%         1
c - Searing Ray           Conj           62%        2d6       1%          2
d - Dazzling Flash        Conj/Hex       58%        N/A       4%          3
e - Ensorcelled Hibernat  Hex/Ice        30%        N/A       6%          2
f - Confusing Touch       Hex            27%        N/A       4%          3

Your spell library contained the following spells:

 Spells                   Type           Power      Damage    Failure   Level
 Stone Arrow              Conj/Erth      36%        3d9       10%         3
 Fulminant Prism          Conj/Hex       14%        3d9       14%         4
 Passwall                 Tmut/Erth      3%         N/A       16%         2
 Iskenderun's Mystic Bla  Conj/Tloc      18%        2d6       32%         4
 Summon Mana Viper        Hex/Summ       15%        N/A       75%         5
 Freezing Cloud           Conj/Ice/Air   6%         6-21      80%         5
 Simulacrum               Ice/Necr       2%         N/A       100%        6
 Polar Vortex             Ice            2%         N/A       100%        9


Dungeon Overview and Level Annotations

Branches:
Dungeon (9/15)             Temple (0/1) D:7            Lair (1/6) D:9
    Orc (1/2) D:9         Ossuary (visited)

Annotations:
D:3 2 transporters, rougesareth's ghost, amateur GrFi
D:5 1 runed translucent door, leviel's ghost, novice HOFi
Orc:1 Jorgrun


Innate Abilities, Weirdness & Mutations

You have an increased reservoir of magic. (+10% MP)
You shall have no god before yourself.
Your divine heritage dramatically boosts your attributes as you level up.


Message History

The rime drake hisses angrily.
You puncture the rime drake!
The rime drake is severely wounded.
The rime drake closely misses you.
You barely miss the rime drake.
The rime drake is severely wounded.
The komodo dragon is no longer blind.
The rime drake breathes ice at you. The flash freeze hits you!
* * * LOW HITPOINT WARNING * * *
You are encased in ice.
You closely miss the rime drake.
The rime drake is severely wounded.
The komodo dragon bites you but does no damage.
The rime drake closely misses you.
You barely miss the rime drake.
The rime drake is severely wounded.
The komodo dragon bites you.
* * * LOW HITPOINT WARNING * * *
You catch the helpless rime drake completely off-guard!
You hit the rime drake.
The rime drake is almost dead.
The rime drake misses you.
You completely miss the rime drake.
The rime drake is almost dead.
The komodo dragon bites you but does no damage.
The rime drake barely misses you.
You hit the rime drake but do no damage.
The rime drake is almost dead.
You catch the helpless rime drake completely off-guard!
You hit the rime drake.
The rime drake is almost dead.
The rime drake closely misses you. The komodo dragon closely misses you.
You miss the rime drake.
The rime drake is almost dead.
The ice encasing you melts away.
The rime drake is no longer blind.
The rime drake breathes ice at you. The flash freeze hits you!
You die...

...!..... #####.#....
.......... #.##.......
.........: ##..........
.........####...#.......
.........#≈≈≈≈≈≈#.......
.........####...#.......
.........###.......###..
............#.#.........
......l@......##.......#
......k.#...............
.......##.#............#
....... #.#....#......#.
....... ####.........##.
......# ##........##.
.....# ##....##.###
##### #########


You could see a komodo dragon and a rime drake (catching breath).

Vanquished Creatures
  A hydra (Lair:1)
  An orc high priest (Orc:1)
  An elephant (D:9)
  Maggie (D:8)
  A cane toad (Lair:1)
  A hornet (D:9)
  3 wyverns
  Eustachio (D:5)
  A yak (D:5)
  A basilisk (D:9)
  Edmund (D:4)
  5 water moccasins
  An ice beast (D:6)
  2 black bears
  9 orc warriors
  A centaur (D:9)
  2 phantoms
  The ghost of ducksouse the Sneak, an amateur OpEE (D:4)
  An elf zombie (Ossuary)
  Blork the orc (D:5)
  A gnoll sergeant (D:7)
  2 kobold brigands (D:9)
  3 bullfrogs
  A wyvern zombie (D:7)
  A scorpion (D:5)
  A water moccasin skeleton (D:5)
  4 killer bees (D:9)
  4 wights (D:6)
  7 howler monkeys
  A bullfrog zombie (D:5)
  5 centaur skeletons
  9 orc priests (D:9)
  A gnoll shaman (D:7)
  Jessica (D:3)
  2 bullfrog skeletons
  12 orc wizards
  3 iguanas
  A hound zombie (D:5)
  A hound skeleton (D:5)
  A mummy (Ossuary)
  A howler monkey zombie (D:5)
  8 gnolls (D:7)
  8 adders
  2 worms (D:3)
  An adder skeleton (D:5)
  4 dart slugs
  37 orcs
  3 endoplasms
  A giant cockroach (D:4)
  3 gnoll zombies (Ossuary)
  5 goblins
  8 hobgoblins
  4 jackals (D:2)
  3 quokkas
  8 ball pythons
  6 bats
  4 frilled lizards
  5 goblin zombies (Ossuary)
  17 kobolds
  5 orc zombies (Ossuary)
  9 rats
239 creatures vanquished.

Vanquished Creatures (collateral kills)
  A mummy (Ossuary)
1 creature vanquished.

Vanquished Creatures (others)
  2 fungi (Lair:1)
  2 withered plants (D:5)
4 creatures vanquished.

Grand Total: 244 creatures vanquished

Notes
Turn   | Place    | Note
-------+----------+-------------------------------------------
     0 | D:1      | croobank the Demigod Conjurer began the quest for the Orb.
     0 | D:1      | Reached XP level 1. HP: 14/14 MP: 5/5
   296 | D:1      | Noticed a shining eye
   302 | D:1      | Learned a level 1 spell: Sandblast
   304 | D:1      | Noticed an eye of devastation
   308 | D:1      | Noticed a golden eye
   308 | D:1      | Noticed an eye of devastation
   315 | D:1      | Reached XP level 2. HP: 20/20 MP: 0/7
  1154 | D:2      | Reached XP level 3. HP: 26/26 MP: 6/8
  1235 | D:2      | Learned a level 2 spell: Searing Ray
  2224 | D:3      | Noticed Jessica
  2229 | D:3      | Killed Jessica
  2230 | D:3      | Reached XP level 4. HP: 33/33 MP: 4/10
  2306 | D:3      | Found a transporter.
  2526 | D:3      | Reached skill level 1 in Staves
  3081 | D:3      | Noticed rougesareth's ghost (amateur GrFi)
  3103 | D:3      | Found a transporter.
  3730 | D:4      | Found a sand-covered staircase.
  3740 | Ossuary  | Entered an ossuary
  3821 | Ossuary  | Reached XP level 5. HP: 34/38 MP: 1/12
  3880 | Ossuary  | HP: 1/38 [mummy (17)]
  4427 | D:4      | Noticed Edmund
  4519 | D:5      | Entered Level 5 of the Dungeon
  4900 | D:5      | Reached skill level 1 in Evocations
  4900 | D:5      | Reached XP level 6. HP: 45/45 MP: 8/14
  4900 | D:5      | Noticed a yak
  4944 | D:5      | Noticed Eustachio
  5015 | D:4      | Learned a level 3 spell: Dazzling Flash
  5096 | D:4      | Killed Edmund
  5098 | D:4      | Noticed ducksouse's ghost (amateur OpEE)
  5361 | D:4      | Found a runed translucent door.
  5422 | D:4      | Killed ducksouse's ghost
  5423 | D:4      | Reached skill level 1 in Maces & Flails
  5423 | D:4      | Reached skill level 1 in Armour
  5423 | D:4      | Reached XP level 7. HP: 35/50 MP: 7/15
  6736 | D:5      | Found a runed translucent door.
  6737 | D:5      | Noticed leviel's ghost (novice HOFi)
  6845 | D:5      | Killed Eustachio
  7445 | D:5      | Reached XP level 8. HP: 55/62 MP: 7/16
  7974 | D:5      | Noticed Blork the orc
  7983 | D:5      | Killed Blork the orc
  7984 | D:5      | Reached skill level 5 in Conjurations
  8218 | D:6      | Identified the +5 spear "Siroguso" {protect, Fragile Fly
                  | Dex+7 Stlth+}
  8265 | D:6      | Reached skill level 1 in Polearms
  8321 | D:6      | Reached skill level 2 in Polearms
  8563 | D:6      | Reached skill level 3 in Polearms
  9081 | D:7      | Reached skill level 4 in Polearms
  9451 | D:7      | Reached skill level 5 in Polearms
  9525 | D:7      | Reached XP level 9. HP: 66/71 MP: 10/17
  9586 | D:7      | Reached skill level 6 in Polearms
  9805 | D:7      | Found a staircase to the Ecumenical Temple.
  9899 | D:7      | Got the Disquisition on Malediction
  9903 | D:7      | Learned a level 2 spell: Ensorcelled Hibernation
  9907 | D:7      | Learned a level 3 spell: Confusing Touch
 10004 | D:7      | Found the necklace of Bloodlust {*Rage Will++ Int-3 Slay+6}
 10054 | D:8      | Noticed Maggie
 10072 | D:8      | Killed Maggie
 10073 | D:8      | Reached skill level 7 in Polearms
 10073 | D:8      | Reached skill level 1 in Hexes
 10496 | D:9      | Reached skill level 8 in Polearms
 10815 | D:9      | Noticed an elephant
 10818 | D:9      | Found a staircase to the Lair.
 10830 | Lair:1   | Entered Level 1 of the Lair of Beasts
 11125 | D:9      | Reached XP level 10. HP: 29/78 MP: 4/18
 11353 | D:9      | Killed an elephant
 11370 | D:9      | Identified the +1 chain mail of Gestures {Harm MP+9 Str+4
                  | Int-4}
 11527 | D:9      | Reached skill level 9 in Polearms
 11536 | D:9      | Found a staircase to the Orcish Mines.
 12097 | Orc:1    | Entered Level 1 of the Orcish Mines
 12428 | Lair:1   | Noticed a four-headed hydra
 12731 | Orc:1    | Noticed an orc high priest
 12835 | Orc:1    | Killed an orc high priest
 12870 | Orc:1    | Noticed Jorgrun
 13032 | Lair:1   | Killed a four-headed hydra
 13033 | Lair:1   | Reached skill level 5 in Armour
 13632 | Lair:1   | Killed from afar by a rime drake

Illustrated notes

Levels and vault maps discovered:
D:1:      heliophobic_arrival_henge, layout_basic,
          hellmonk_ecumenical_altar_watching_god
D:2:      layout_basic
D:3:      minmay_inner_zag, layout_basic, nzn_wu_jian_council_hall,
          gammafunk_ghost_stat_death, kennysheep_jessica_study, uniq_jessica
D:4:      layout_loops_corners, hellmonk_ghost_happy_afterlife,
          lightli_ossuary_entry_decrepit_ruins, uniq_edmund
D:5:      minmay_clustersquares, layout_loops_ring, tso_metal_star,
          gammafunk_ghost_grave, uniq_blork_the_orc, uniq_eustachio
D:6:      layout_basic
D:7:      layout_loops_ring, minmay_temple_entry_glassed_door
D:8:      erik_cavepeople, layout_layer_cave, uniq_grum, uniq_maggie
D:9:      layout_long_grid, okawaru_ov_weapons_minmay, lemuel_doored_altar,
          david_lair_generic, minmay_orc_entry_temple_small
Lair:1:   layout_cave_shapes, serial_rivers, chequers_serial_rivers_room_a,
          chequers_serial_rivers_small_3, chequers_serial_rivers_micro_e,
          chequers_serial_rivers_large_b, chequers_serial_rivers_micro_b
Orc:1:    layout_caves, serial_shops, nicolae_shop_hallway_stairs, basic_altar,
          uniq_jorgrun

Skill      XL: |  1  2  3  4  5  6  7  8  9 10 |
---------------+-------------------------------+-----
Conjurations   | 4 5 |  5.2
Spellcasting   | 2 3 |  3.5
Stealth        | 2 |  2.0
Dodging        | 2 |  2.0
Staves         | 2 3 |  3.0
Evocations     | 1 3 |  3.5
Maces & Flails | 1 3 |  3.9
Armour         | 1 2 3 5 |  5.9
Fighting       | 2 4 |  4.0
Polearms       | 5 8 9 |  9.8
Hexes          | 3 4 |  4.3
Shields        | |  0.5

Action                   |  1- 3 |  4- 6 |  7- 9 | 10-12 || total
-------------------------+-------+-------+-------+-------++-------
Melee: Unarmed           |    10 |       |       |       ||    10
       Staff             |    34 |   109 |       |       ||   143
       Flail             |       |       |    99 |       ||    99
       Spear             |       |       |   221 |   124 ||   345
 Cast: Magic Dart        |    72 |    48 |    61 |     6 ||   187
       Sandblast         |     6 |    32 |     8 |       ||    46
       Searing Ray       |     3 |    11 |    40 |     5 ||    59
       Dazzling Flash    |       |     1 |     5 |     1 ||     7
       Ensorcelled Hiber |       |       |     6 |     8 ||    14
       Confusing Touch   |       |       |       |     3 ||     3
Evoke: Wand              |       |       |     1 |     2 ||     3
  Use: Potion            |       |     4 |     1 |     1 ||     6
       Scroll            |       |     8 |     9 |     3 ||    20
 Stab: Sleeping          |     1 |       |     5 |     2 ||     8
       Invisible         |       |       |     3 |     2 ||     5
       Confused          |       |       |       |     5 ||     5
Armor: Robe              |     3 |       |       |       ||     3
       Leather armour    |    25 |    45 |   140 |     9 ||   219
       Ring mail         |       |       |     2 |       ||     2
       Chain mail        |       |       |       |    41 ||    41
       Skin              |       |       |       |    29 ||    29
Dodge: Dodged            |    46 |    82 |   217 |    40 ||   385
Block: Other             |    16 |    34 |    72 |     9 ||   131
       Reflection        |     1 |       |     2 |       ||     3

Table legend: (Time is in decaauts)
 A = Elapsed time spent in this place.
 B = Non-inter-level travel time spent in this place.
 C = Inter-level travel time spent in this place.
 D = Time resting spent in this place.
 E = Time spent auto-exploring this place.
 F = Levels seen in this place.
 G = Mean time per level.
                   A        B        C        D        E       F      G
               +--------+--------+--------+--------+--------+-----+--------+
         Total |  13716 |  13522 |    194 |   3870 |   6373 |  12 | 1143.0 |
       Dungeon |  12206 |  12012 |    194 |   2889 |   6373 |   9 | 1356.2 |
          Lair |    901 |    901 |      0 |    642 |      0 |   1 |  901.0 |
  Orcish Mines |     90 |     90 |      0 |     43 |      0 |   1 |   90.0 |
       Ossuary |    517 |    517 |      0 |    296 |      0 |   1 |  517.0 |
               +--------+--------+--------+--------+--------+-----+--------+

Top non-repeatable levels by time:
     D:9: 2250 daAuts
     D:4: 2194 daAuts
     D:5: 1814 daAuts
     D:3: 1537 daAuts
     D:2: 1133 daAuts
     D:1: 995 daAuts
     D:7: 974 daAuts
  Lair:1: 901 daAuts
     D:6: 889 daAuts
 Ossuary: 517 daAuts
     D:8: 417 daAuts
   Orc:1: 90 daAuts
